 Dungeon Crawl Stone Soup version 0.27-a0-1332-g84bddb5ca7 (webtiles) character file.

Game seed: 417451959584679310

170 nyamberluvr69 the Ducker (level 5, -5/43 HPs)
             Began as a Gnoll Gladiator on June 25, 2021.
             Slain by a gnoll shaman (9 damage)
             ... on level 3 of the Dungeon.
             The game lasted 00:05:28 (3474 turns).

nyamberluvr69 the Ducker (Gnoll Gladiator)          Turns: 3474, Time: 00:05:29

Health: -5/43      AC:  4    Str: 14    XL:     5   Next: 51%
Magic:  7/7        EV: 14    Int:  7    God:
Gold:   162        SH:  0    Dex: 14    Spells: 7/7 levels left

rFire    . . .     SeeInvis .   a - +0 long sword
rCold    . . .     Faith    .   (no shield)
rNeg     . . .     Spirit   .   b - +0 leather armour
rPois    .         Reflect  .   p - +0 helmet
rElec    .         Harm     .   (no cloak)
rCorr    .         Rampage  .   (no gloves)
Will     .....                  (no boots)
Stlth    ++........             (no amulet)
HPRegen  0.14/turn              (no ring)
MPRegen  0.10/turn              (no ring)

@: no status effects
A: fangs 1, strong nose, distributed training
a: no special abilities


You were on level 3 of the Dungeon.
You visited 1 branch of the dungeon, and saw 4 of its levels.

You collected 162 gold pieces.

Inventory:

Hand Weapons
 a - a +0 long sword (weapon)
 o - a +1 vampiric whip
 s - a +2 dagger of electrocution
Missiles
 f - 2 atropa-tipped darts (quivered)
Armour
 b - a +0 leather armour (worn)
 p - a +0 helmet (worn)
Scrolls
 c - a scroll of enchant weapon {unknown}
 h - 4 scrolls of teleportation {unknown}
 j - a scroll of holy word {unknown}
 l - 3 scrolls of magic mapping {unknown}
 m - a scroll of fog {unknown}
 n - a scroll of fear {unknown}
 q - a scroll of immolation {unknown}
 r - a scroll of brand weapon {unknown}
 t - 2 scrolls of identify {unknown}
 u - a scroll of amnesia {unknown}
 w - a scroll of enchant armour {unknown}
 x - a scroll of summoning {unknown}
Potions
 e - 2 potions of curing {unknown}
 g - 3 potions of flight {unknown}
 i - 2 potions of heal wounds {unknown}
 k - a potion of lignification {unknown}
 v - a potion of attraction {unknown}


   Skills:
 + Level 4.8 Fighting
 + Level 1.5 Short Blades
 + Level 6.7 Long Blades
 + Level 1.5 Axes
 + Level 1.5 Maces & Flails
 + Level 1.5 Polearms
 + Level 1.5 Staves
 + Level 1.5 Slings
 + Level 1.5 Bows
 + Level 1.5 Crossbows
 + Level 4.8 Throwing
 + Level 1.5 Armour
 + Level 6.7 Dodging
 + Level 1.5 Stealth
 + Level 1.5 Shields
 + Level 1.5 Unarmed Combat
 + Level 1.5 Spellcasting
 + Level 1.2 Conjurations
 + Level 1.2 Hexes
 + Level 1.2 Summonings
 + Level 1.2 Necromancy
 + Level 1.2 Translocations
 + Level 1.2 Transmutations
 + Level 1.2 Fire Magic
 + Level 1.2 Ice Magic
 + Level 1.2 Air Magic
 + Level 1.2 Earth Magic
 + Level 1.2 Poison Magic
 + Level 1.7 Invocations
 + Level 1.5 Evocations


You had 7 spell levels left.
You didn't know any spells.
Your spell library contained the following spells:

 Spells                   Type           Power      Damage    Failure   Level
 Animate Skeleton         Necr           4%         N/A       30%         1
 Pain                     Necr           8%         1d4       30%         1
 Confusing Touch          Hex            2%         N/A       65%         3
 Gell's Gravitas          Tloc           1%         N/A       65%         3
 Vampiric Draining        Necr           1%         2d6       65%         3
 Animate Dead             Necr           1%         N/A       96%         4
 Petrify                  Tmut/Erth      2%         N/A       96%         4
 Agony                    Necr           2%         N/A       100%        5
 Metabolic Englaciation   Hex/Ice        1%         N/A       100%        5
 Yara's Violent Unravell  Hex/Tmut       1%         3d3       100%        5


Dungeon Overview and Level Annotations

Branches:
Dungeon (4/15)
 Temple: D:4-7

Altars:
Kikubaaqudgha
Makhleb
Uskayaw
Vehumet

Shops:
D:2 :


Innate Abilities, Weirdness & Mutations

You have very sharp teeth.
Your uncanny sense of smell can sniff out nearby items.
Your experience applies equally to all skills.


Message History

Press: ? - help, Q - select action, (/) - cycle Shift-Dir - straight line, f - gnoll shaman
Aim: a gnoll shaman, wielding a +0 club and wearing a +0 robe (moderately wounded, 66% to hit, chance to blind on hit: 87%)
Okay, then.
Unknown command.
Unknown command.
Throw: 3 throwing nets
Press: ? - help, Q - select action, (/) - cycle Shift-Dir - straight line, f - gnoll shaman
Aim: a gnoll shaman, wielding a +0 club and wearing a +0 robe (moderately wounded, 66% to hit)
You throw a throwing net.
The throwing net barely misses the gnoll shaman.
The gnoll shaman barely misses you.
You riposte.
You hit the gnoll shaman.
The gnoll shaman is severely wounded.
You hit the gnoll shaman.
The gnoll shaman is severely wounded.
The gnoll shaman completely misses you.
You riposte.
You hit the gnoll shaman.
You punch the gnoll shaman, but do no damage.
The gnoll shaman is severely wounded.
Throw: 2 throwing nets
Press: ? - help, Q - select action, (/) - cycle Shift-Dir - straight line, f/p - gnoll shaman
Aim: a gnoll shaman, wielding a +0 club and wearing a +0 robe (severely wounded, 66% to hit)
You throw a throwing net.
The throwing net barely misses the gnoll shaman.
Throw: throwing net
Press: ? - help, Q - select action, (/) - cycle Shift-Dir - straight line, f/p - gnoll shaman
Aim: a gnoll shaman, wielding a +0 club and wearing a +0 robe (severely wounded, 66% to hit)
You throw a throwing net.
The throwing net barely misses the gnoll shaman.
The gnoll shaman prays to its god.
The gnoll shaman is healed somewhat.
You hit the gnoll shaman but do no damage.
The gnoll shaman is heavily wounded.
The gnoll shaman barely misses you.
You hit the gnoll shaman but do no damage.
The gnoll shaman is heavily wounded.
The gnoll shaman hits you with a +0 club.
* * * LOW HITPOINT WARNING * * *
You barely miss the gnoll shaman.
The gnoll shaman is heavily wounded.
The gnoll shaman hits you with a +0 club!
You die...

##.....###########
≈..≈≈≈.≈.........# #######
.≈#≈♣.#..#######.# #.....#
..#≈..#≈.# ###.######)###.#
≈...≈.≈..# #..............#
≈≈≈≈.≈≈≈.#####.#.######.#########
≈...≈..≈≈...##.#.# #..........
≈≈≈≈.≈.≈≈...##.#.################
..♣≈.≈≈≈≈.(.##.#@g.....(.........
..≈..≈≈≈≈...+..####.############.
...≈.≈......#.(......# #.
............#.#####..# #.
........#+#.#.#......# #.
........#.#.#.#.###..# #.
........#.....#.# #..# #.
........###.###.###..## #.
.......÷# #.# #.......# #.


You could see a gnoll shaman.

Vanquished Creatures
  Robin (D:2)
  5 gnolls
  3 adders
  3 worms (D:2)
  3 dart slugs
  An orc (D:3)
  5 ball pythons
  7 bats
  3 endoplasms
  3 giant cockroaches
  6 hobgoblins
  3 quokkas (D:1)
  3 frilled lizards
  14 goblins
  2 kobolds (D:1)
  7 rats
69 creatures vanquished.

Notes
Turn   | Place    | Note
-------+----------+-------------------------------------------
     0 | D:1      | nyamberluvr69 the Gnoll Gladiator began the quest for the
                  | Orb.
     0 | D:1      | Reached XP level 1. HP: 20/20 MP: 1/1
    80 | D:1      | Reached XP level 2. HP: 21/26 MP: 2/2
   888 | D:1      | Found a faded altar of an unknown god.
  1260 | D:2      | Reached XP level 3. HP: 31/31 MP: 2/4
  1417 | D:2      | Reached skill level 1 in Invocations
  1803 | D:2      | Reached skill level 1 in Short Blades
  1803 | D:2      | Reached skill level 1 in Axes
  1803 | D:2      | Reached skill level 1 in Maces & Flails
  1803 | D:2      | Reached skill level 1 in Polearms
  1803 | D:2      | Reached skill level 1 in Staves
  1803 | D:2      | Reached skill level 1 in Slings
  1803 | D:2      | Reached skill level 1 in Bows
  1803 | D:2      | Reached skill level 1 in Crossbows
  1803 | D:2      | Reached skill level 1 in Armour
  1803 | D:2      | Reached skill level 1 in Stealth
  1803 | D:2      | Reached skill level 1 in Shields
  1803 | D:2      | Reached skill level 1 in Unarmed Combat
  1803 | D:2      | Reached skill level 1 in Spellcasting
  1803 | D:2      | Reached skill level 1 in Evocations
  1813 | D:2      | Reached XP level 4. HP: 38/38 MP: 5/5
  1836 | D:2      | Noticed Robin
  1843 | D:2      | Killed Robin
  1963 | D:2      | Found Lais's Book Shoppe.
  2069 | D:2      | Reached skill level 1 in Conjurations
  2069 | D:2      | Reached skill level 1 in Hexes
  2069 | D:2      | Reached skill level 1 in Summonings
  2069 | D:2      | Reached skill level 1 in Necromancy
  2069 | D:2      | Reached skill level 1 in Translocations
  2069 | D:2      | Reached skill level 1 in Transmutations
  2069 | D:2      | Reached skill level 1 in Fire Magic
  2069 | D:2      | Reached skill level 1 in Ice Magic
  2069 | D:2      | Reached skill level 1 in Air Magic
  2069 | D:2      | Reached skill level 1 in Earth Magic
  2069 | D:2      | Reached skill level 1 in Poison Magic
  2654 | D:2      | Reached XP level 5. HP: 32/43 MP: 5/7
  3438 | D:4      | Found a radiant altar of Vehumet.
  3438 | D:4      | Found an ancient bone altar of Kikubaaqudgha.
  3438 | D:4      | Found a hide-covered altar of Uskayaw.
  3442 | D:4      | Found a burning altar of Makhleb.
  3474 | D:3      | Slain by a gnoll shaman

Illustrated notes

Levels and vault maps discovered:
D:1:      co_arrival_random_square_maze, layout_basic,
          dilly_ecumenical_altar_fadedgnrine,
          hangedman_abyss_or_decor_lesser_grid, minmay_misc_feat_tower,
          grunt_decor_mini_mirrors
D:2:      layout_loops_ring, serial_shops, shop_fountains, uniq_robin
D:3:      layout_basic, chequers_serial_rivers_marsh
D:4:      layout_cave_pods, grunt_temple_overflow_open, patterned_corridor,
          uniq_sigmund

Skill      XL: |  1  2  3  4 |
---------------+-------------+-----
Invocations    | 1 |  1.7
Short Blades   | 1 |  1.5
Axes           | 1 |  1.5
Maces & Flails | 1 |  1.5
Polearms       | 1 |  1.5
Staves         | 1 |  1.5
Slings         | 1 |  1.5
Bows           | 1 |  1.5
Crossbows      | 1 |  1.5
Armour         | 1 |  1.5
Stealth        | 1 |  1.5
Shields        | 1 |  1.5
Unarmed Combat | 1 |  1.5
Spellcasting   | 1 |  1.5
Evocations     | 1 |  1.5
Conjurations   | 1 |  1.2
Hexes          | 1 |  1.2
Summonings     | 1 |  1.2
Necromancy     | 1 |  1.2
Translocations | 1 |  1.2
Transmutations | 1 |  1.2
Fire Magic     | 1 |  1.2
Ice Magic      | 1 |  1.2
Air Magic      | 1 |  1.2
Earth Magic    | 1 |  1.2
Poison Magic   | 1 |  1.2
Fighting       | |  4.8
Long Blades    | |  6.7
Throwing       | |  4.8
Dodging        | |  6.7

Action                   |  1- 3 |  4- 6 || total
-------------------------+-------+-------++-------
Melee: Long sword        |    71 |   106 ||   177
       Bite              |    10 |    14 ||    24
       Whip              |       |     7 ||     7
       Punch             |       |     1 ||     1
Throw: Dart              |     1 |       ||     1
       Throwing net      |       |     3 ||     3
 Stab: Sleeping          |       |     5 ||     5
Armor: Leather armour    |     4 |    25 ||    29
Dodge: Dodged            |    57 |    78 ||   135
       Rpst.: Long sword |    19 |    14 ||    33

Table legend: (Time is in decaauts)
 A = Elapsed time spent in this place.
 B = Non-inter-level travel time spent in this place.
 C = Inter-level travel time spent in this place.
 D = Time resting spent in this place.
 E = Time spent auto-exploring this place.
 F = Levels seen in this place.
 G = Mean time per level.
                   A        B        C        D        E       F      G
               +--------+--------+--------+--------+--------+-----+--------+
         Total |   3487 |   3402 |     85 |    516 |   2373 |   4 |  871.8 |
       Dungeon |   3487 |   3402 |     85 |    516 |   2373 |   4 |  871.8 |
               +--------+--------+--------+--------+--------+-----+--------+

Top non-repeatable levels by time:
     D:1: 1655 daAuts
     D:2: 1200 daAuts
     D:3: 603 daAuts
     D:4: 27 daAuts
